 Dungeon Crawl Stone Soup version 0.30-a0-867-g305f33218d (webtiles) character file.

Game seed: 8282585539721319616

296416 freelancePsychic the Brawler (level 20, -12/211 HPs)
             Began as a Troll Wanderer on Mar 10, 2023.
             Was the Champion of Nemelex Xobeh.
             Mangled by an ironbound thunderhulk
             ... wielding a +0 dire flail
              (21 damage)
             ... on level 2 of the Vaults.
             The game lasted 01:29:13 (43410 turns).

freelancePsychic the Brawler (Troll Wanderer)      Turns: 43410, Time: 01:29:14

Health: -12/211    AC: 19    Str: 21    XL:     20   Next: 8%
Magic:  40/40      EV: 19    Int: 15    God:    Nemelex Xobeh [******]
Gold:   4510       SH: 14    Dex: 17    Spells: 21/21 levels left

rFire   + . .      SeeInvis .      - Unarmed
rCold   . . .      Faith    .    V - +2 kite shield {reflect}
rNeg    . . .      Spirit   .    c - +0 swamp dragon scales
rPois   +          Reflect  +    U - +3 hat of Pondering {ponderous, Will+ MP+10 Int+5}
rElec   .          Rampage  .    B - +2 cloak
rCorr   .                        (gloves unavailable)
Will    ++...                    (boots unavailable) Stlth
                                 l - amulet of the acrobat
HPRegen 1.35/turn                K - ring of protection from fire
MPRegen 0.27/turn                v - +5 ring of evasion

@: silenced, hasted (expiring), studying Summonings, very quick
A: large, unfitting armour, claws 3, regeneration 1, shaggy fur 1, tough skin 1
}: 2/15 runes: decaying, gossamer
a: Renounce Religion


You were on level 2 of the Vaults.
You worshipped Nemelex Xobeh.
Nemelex Xobeh was exalted by your worship.
You visited 7 branches of the dungeon, and saw 34 of its levels.
You also visited: Sewer, Volcano and Wizlab.

You collected 5802 gold pieces.
You spent 1292 gold pieces at shops.

Inventory:

Missiles
 i - 22 boomerangs
 m - 109 poisoned darts (quivered)
 F - 3 curare-tipped darts
 Y - 9 atropa-tipped darts
Armour
 c - +0 swamp dragon scales (worn)
 B - a +2 cloak (worn)
 U - the +3 hat of Pondering (worn) {ponderous, Will+ MP+10 Int+5}
   (You took it off Gastronok on level 2 of the Lair of Beasts)

   Int:       It affects your intelligence (+5).
   MP:        It affects your magic capacity (+10).
   Will:      It increases your willpower.
 V - a +2 kite shield of reflection (worn)
Jewellery
 l - an amulet of the acrobat (around neck)
 u - a ring of protection from cold
 v - a +5 ring of evasion (right claw)
 x - the ring of Namo {Fly Dex+5}
   (You took it off a kobold on level 7 of the Dungeon)

   [ring of flight]

   Dex:       It affects your dexterity (+5).
   Fly:       It grants you flight.
 K - a ring of protection from fire (left claw)
 M - a ring of protection from fire
Wands
 b - a wand of charming (38)
 y - a wand of roots (29)
 I - a wand of light (17)
 P - a wand of flame (49)
 S - a wand of polymorph (20)
 X - a wand of mindburst (10)
 Z - a wand of digging (3)
Scrolls
 a - 9 scrolls of teleportation {@r4}
 k - 8 scrolls of immolation
 s - 4 scrolls of amnesia
 t - 4 scrolls of magic mapping
 w - 7 scrolls of poison
 C - 4 scrolls of fear
 E - 2 scrolls of butterflies
 G - 6 scrolls of enchant armour
 L - 3 scrolls of vulnerability
 T - a scroll of blinking
 W - 11 scrolls of identify {@r1}
Potions
 d - 7 potions of haste {@q3}
 f - a potion of attraction
 g - 2 potions of lignification
 h - 7 potions of brilliance
 j - 4 potions of berserk rage
 n - 8 potions of mutation
 o - 2 potions of curing {@q1}
 p - 7 potions of magic
 q - a potion of invisibility
 r - a potion of cancellation {unknown}
 z - 4 potions of flight
 A - 4 potions of might
 H - 11 potions of ambrosia
Miscellaneous
 e - a phial of floods (inert)
 Q - a condenser vane
 R - a phantom mirror


   Skills:
 + Level 15.4 Fighting
 - Level 1.7 Throwing
 + Level 11.6 Armour
 - Level 12.0 Dodging
 - Level 10.0 Shields
 + Level 19.3 Unarmed Combat
 - Level 1.0 Spellcasting
 - Level 1.3 Poison Magic
 - Level 15.0 Invocations


You had 21 spell levels left.
You didn't know any spells.
Your spell library contained the following spells:

 Spells                   Type           Power      Damage    Failure   Level
 Sting                    Tmut/Pois      8%         1d3       45%         1
 Apportation              Tloc           0%         N/A       54%         1
 Freeze                   Ice            0%         1d3       54%         1
 Magic Dart               Conj           0%         1d3       54%         1
 Necrotise                Necr           0%         1d4       54%         1
 Sandblast                Erth           0%         2d4       54%         1
 Shock                    Conj/Air       0%         1d3       54%         1
 Summon Small Mammal      Summ           0%         N/A       54%         1
 Poisonous Vapours        Pois/Air       4%         N/A       58%         2
 Blink                    Tloc           0%         N/A       69%         2
 Call Imp                 Summ           0%         N/A       69%         2
 Lesser Beckoning         Tloc           0%         N/A       69%         2
 Passwall                 Tmut/Erth      0%         N/A       69%         2
 Sublimation of Blood     Necr           0%         N/A       69%         2
 Mephitic Cloud           Conj/Pois/Air  2%         N/A       86%         3
 Call Canine Familiar     Summ           0%         N/A       89%         3
 Frozen Ramparts          Ice            0%         1d1       89%         3
 Gell's Gravitas          Tloc           0%         N/A       89%         3
 Hailstorm                Conj/Ice       0%         3d3       89%         3
 Inner Flame              Hex/Fire       0%         N/A       89%         3
 Stone Arrow              Conj/Erth      0%         3d7       89%         3
 Summon Guardian Golem    Hex/Summ       0%         N/A       89%         3
 Swiftness                Air            0%         N/A       89%         3
 Teleport Other           Tloc           0%         N/A       89%         3
 Vhi's Electric Charge    Tloc/Air       0%         N/A       89%         3
 Olgreb's Toxic Radiance  Pois           4%         N/A       98%         4
 Airstrike                Air            0%         2d(0-16)  100%        4
 Animate Armour           Summ/Erth      0%         N/A       100%        4
 Cause Fear               Hex            0%         N/A       100%        4
 Flame Wave               Conj/Fire      0%         2d4       100%        4
 Manifold Assault         Tloc           0%         N/A       100%        4
 Petrify                  Tmut/Erth      0%         N/A       100%        4
 Sticky Flame             Conj/Fire      0%         2d3       100%        4
 Arcjolt                  Conj/Air       0%         1d10      100%        5
 Blade Hands              Tmut           0%         N/A       100%        5
 Irradiate                Conj/Tmut      0%         3d11      100%        5
 Summon Forest            Summ/Tloc      0%         N/A       100%        5
 Conjure Ball Lightning   Conj/Air       0%         3x3d6     100%        6
 Eringya's Noxious Bog    Tmut/Pois      1%         N/A       100%        6
 Iron Shot                Conj/Erth      0%         9d1       100%        6
 Dragon Form              Tmut           0%         N/A       100%        7
 Monstrous Menagerie      Summ           0%         N/A       100%        7
 Spellforged Servitor     Conj/Summ      0%         N/A       100%        7
 Storm Form               Tmut/Air       0%         N/A       100%        7
 Summon Hydra             Summ           0%         N/A       100%        7
 Discord                  Hex            0%         N/A       100%        8
 Disjunction              Tloc           0%         N/A       100%        8
 Maxwell's Capacitive Co  Air            0%         ∞         100%        8
 Chain Lightning          Conj/Air       0%         N/A       100%        9
 Dragon's Call            Summ           0%         N/A       100%        9
 Fire Storm               Conj/Fire      0%         5d1       100%        9
 Shatter                  Erth           0%         3d5*      100%        9


Dungeon Overview and Level Annotations

Branches:
Dungeon (15/15)            Temple (0/1) D:7            Lair (5/5) D:10
  Swamp (4/4) Lair:3       Spider (4/4) Lair:3        Slime (0/5) Lair:5
    Orc (2/2) D:11            Elf (2/3) Orc:2        Vaults (2/5) D:13
 Depths (0/4) D:15          Sewer (visited)         Volcano (visited)
 WizLab (visited)
  Crypt: Vaults:2-3

Altars:
Ashenzari
Cheibriados
Dithmenos
Fedhas
Gozag
Nemelex Xobeh
Qazlal
Sif Muna
Uskayaw
Wu Jian
Xom
Yredelemnul
Zin

Shops:
D:11 :   Orc:2 ***?

Portals:
Abyss: D:5

Annotations:
D:5 2 transporters, tarna41's ghost, amateur MiBe
D:8 2 exclusions
Swamp:1 2 transporters, lesbiats's ghost, journeyman TrFi
Elf:2 3 runed translucent doors


Innate Abilities, Weirdness & Mutations

You are too large for most types of armour.
You have claws for hands.
Your natural rate of healing is unusually fast.
You are covered in fur. (AC +1)
You have tough skin. (AC +1)


Message History

The ironbound thunderhulk is engulfed in water.
The ironbound convoker is engulfed in water.
The vault warden is engulfed in water.
The ironbound convoker's chant is interrupted.
Electricity crackles from the ironbound thunderhulk's apparatus.
The bolt of lightning misses you.
Strange energies crackle from the ironbound thunderhulk's apparatus.
The ironbound thunderhulk blinks!
The ironbound thunderhulk is no longer waterlogged.
Electricity crackles from the ironbound thunderhulk's apparatus.
The bolt of lightning misses you.
There is an open door here.
You start resting.
Your hearing returns.
You start resting.
An ironbound thunderhulk is nearby!
Unknown command.
You mangle the ironbound thunderhulk!!
The ironbound thunderhulk is moderately wounded.
As you read the scroll of silence, it crumbles to dust.
A profound silence engulfs you.
The ironbound thunderhulk hits you with a +0 dire flail!
* * * LOW HITPOINT WARNING * * *
You scratch the ironbound thunderhulk.
The ironbound thunderhulk is moderately wounded.
You claw the ironbound thunderhulk!
The ironbound thunderhulk is heavily wounded.
You block the ironbound thunderhulk's attack.
You closely miss the ironbound thunderhulk.
The ironbound thunderhulk is heavily wounded.
You barely miss the ironbound thunderhulk.
The ironbound thunderhulk is heavily wounded.
Your extra speed is starting to run out.
The vault warden hits you with a +2 heavy great mace!!!
* * * LOW HITPOINT WARNING * * *
You mangle the ironbound thunderhulk!!
The ironbound thunderhulk is severely wounded.
The ironbound thunderhulk hits you with a +0 dire flail!!
You die...
Your body glows with a rainbow of weird colours and disappears.

.####'###...................p~~..
.#......#.......................#
.#......#.........O.............#
.#......#...........p...........#
.#......#.......................#
.#......#.......................#
.#......#....#############......#
#......#....# #.......# #......#
Y########....###@.###..# #......#
.............'.Op## #.......
.............#.p## .......
....Y........#.##
...........).#.# ##########...#.#
.........#...#.. .........#...#..
.........#...###


You could see a vault warden, an ironbound thunderhulk (unsilenced) and an
ironbound convoker.

Vanquished Creatures
  The ghost of Rudyous the Warrior, an adept MiFi of Nemelex Xobeh (Swamp:4)
  4 deep elf master archers (WizLab)
  Donald (Swamp:2)
  2 thorn hunters
  4 fenstrider witches
  An azure jelly (Swamp:1)
  A deep elf sorcerer (Elf:1)
  5 emperor scorpions
  2 vault wardens (Vaults:2)
  An orc warlord (Vaults:1)
  A deep elf elementalist (Elf:2)
  6 ironbound preservers
  5 ghost moths
  A broodmother (Spider:1)
  3 eleionomae
  A starflower (WizLab)
  3 ironbound thunderhulks
  Nessos (Lair:4)
  6 dire elephants
  A red draconian (Volcano)
  3 bunyips
  2 spark wasps
  Snorg (Lair:4)
  A mummy priest (Elf:2)
  2 ettins
  2 yaktaur captains
  A shambling mangrove (WizLab)
  3 rakshasas
  5 entropy weavers
  A great orb of eyes (D:12)
  11 hydras
  2 vault guards (Vaults:2)
  A jorogumo (Spider:2)
  3 catoblepae (Lair:5)
  2 tengu warriors (D:15)
  7 dancing weapons
  2 radroaches
  2 ghost crabs (Swamp:1)
  13 two-headed ogres
  9 boulder beetles
  2 ironbound frosthearts
  2 ogre magi
  13 centaur warriors
  12 alligators
  A death scarab (Spider:4)
  3 satyrs
  5 death yaks
  2 orc high priests (Elf:2)
  2 spriggan berserkers (Swamp:3)
  A skyshark (Lair:4)
  3 skeletal warriors (D:15)
  A naga sharpshooter (WizLab)
  Lodul (D:13)
  6 pharaoh ants
  Amaemon (Lair:3)
  11 deep elf knights
  7 goliath frogs
  3 sun moths
  A glowing orange brain (Elf:1)
  15 deep trolls
  9 swamp dragons
  2 shadow demons (Elf:2)
  2 wizards (Vaults:2)
  3 orc knights
  9 orb spiders
  3 bog bodies
  3 spriggan druids
  9 steelbarb worms
  8 deep elf archers
  10 lindwurms
  27 deep elf pyromancers
  4 ironbound convokers
  21 deep elf zephyrmancers
  26 wolf spiders
  3 necromancers
  3 orc sorcerers
  3 oklob plants
  19 ugly things
  4 fauns
  5 salamanders
  18 elephants
  4 will-o-the-wisps
  7 manticores
  A moth of wrath (Spider:4)
  An eye of devastation (Lair:4)
  12 cyclopes
  4 black mambas
  A water nymph (shapeshifter) (D:12)
  4 gargoyles
  3 vault sentinels
  A guardian serpent (shapeshifter) (Elf:1)
  8 torpor snails
  5 demonic crawlers
  5 molten gargoyles (Volcano)
  An orange demon (Lair:3)
  7 cane toads
  6 rime drakes
  13 yaktaurs
  6 efreet
  8 komodo dragons
  4 tengu conjurers
  A freezing wraith (D:12)
  7 kobold demonologists
  A queen bee (D:15)
  A troll (shapeshifter) (D:14)
  A bloated husk (Swamp:1)
  A merfolk (Swamp:4)
  7 trolls
  9 meliai
  A polar bear (Lair:4)
  11 hornets
  27 tarantellas
  6 blink frogs
  7 tyrant leeches
  Prince Ribbit (D:9)
  31 jumping spiders
  22 dream sheep
  7 spriggans
  Sigmund (D:5)
  30 culicivoras
  16 slime creatures
  A vampire (D:12)
  7 shadows
  A culicivora (shapeshifter) (D:15)
  4 wyverns
  8 wraiths
  2 water elementals
  58 yaks
  Eustachio (D:6)
  A basilisk (shapeshifter) (D:15)
  4 fire elementals
  2 steam dragons
  Grum (D:8)
  A warg (Orc:1)
  15 vampire mosquitoes
  55 redbacks
  12 swamp worms
  A two-headed ogre zombie (D:11)
  2 acid dragons
  12 water moccasins
  9 swamp drakes
  2 ice beasts
  2 sky beasts (D:7)
  30 orc warriors
  4 black bears
  A tengu (Swamp:2)
  15 ogres
  An ice beast (shapeshifter) (Elf:1)
  2 boggarts (Elf:2)
  13 wolves
  21 centaurs
  A phantom (D:11)
  14 kobold brigands
  An earth elemental (Elf:1)
  4 bullfrogs
  5 scorpions
  2 troll zombies (D:11)
  18 killer bees
  12 howler monkeys
  3 crimson imps (D:9)
  13 orc priests
  A hound (D:5)
  20 orc wizards
  4 sleepcaps
  4 iguanas
  4 hell rats (Lair:1)
  A polar bear simulacrum (Lair:3)
  7 yak simulacra (Lair:3)
  2 wolf simulacra (Lair:3)
  5 ogre zombies (D:11)
  13 gnolls
  9 adders
  A river rat (D:6)
  A shadow imp (D:6)
  A white imp (D:6)
  3 worms
  3 dart slugs
  59 orcs
  10 bats
  3 endoplasms
  4 giant cockroaches
  9 goblins
  6 hobgoblins
  4 jackals (D:2)
  32 kobolds
  7 quokkas
  6 ball pythons
  8 frilled lizards
  2 goblin skeletons (D:11)
  5 goblin zombies (D:11)
  3 hobgoblin zombies (D:11)
  4 orc skeletons (D:11)
  11 orc zombies (D:11)
  11 rats
  A river rat simulacrum (Lair:3)
  18 briar patches (Swamp:4)
1338 creatures vanquished.

Vanquished Creatures (collateral kills)
  Saint Roka (Orc:1)
  A thorn hunter (WizLab)
  Gastronok (Lair:2)
  An eleionoma (WizLab)
  A great orb of eyes (Vaults:1)
  2 hydras
  2 centaur warriors (Vaults:2)
  An ironbound frostheart (Vaults:2)
  5 death yaks
  A naga sharpshooter (WizLab)
  2 deep trolls (Vaults:1)
  A swamp dragon (Swamp:1)
  2 ironbound convokers
  A manticore (Lair:5)
  An elephant (Lair:5)
  A black mamba (D:8)
  A cane toad (D:8)
  A molten gargoyle (Volcano)
  A rime drake (Lair:4)
  2 yaktaurs
  A troll (D:14)
  3 slime creatures (D:14)
  A yak (Lair:5)
  A swamp worm (Swamp:1)
  2 orc warriors
  A scorpion (D:7)
  5 killer bees
  An orc priest (Orc:1)
  3 gnolls (D:7)
  3 orcs
50 creatures vanquished.

Vanquished Creatures (others)
  A dire elephant (Vaults:2)
  2 deep elf knights
  A deep elf pyromancer (Elf:2)
  Maurice (D:8)
  A vault sentinel (Vaults:2)
  An unseen horror (D:12)
  3 bloated husks
  A tarantella (Spider:4)
  A culicivora (Spider:3)
  3 boggarts
  A hell rat (D:14)
  An orc wizard (D:13)
  An orc (Orc:2)
  22 foxfires
  41 fungi
  38 plants
119 creatures vanquished.

Grand Total: 1507 creatures vanquished

Notes
Turn   | Place    | Note
-------+----------+-------------------------------------------
     0 | D:1      | freelancePsychic the Troll Wanderer began the quest for the
                  | Orb.
     0 | D:1      | freelancePsychic set off with the following items: a +2
                  | dagger, 2 curare-tipped darts, a +0 kite shield, a potion
                  | of haste {@q3}, a +0 robe; and the following spell
                  | memorised: Sting; and the following spells available to
                  | memorise: Mephitic Cloud.
     0 | D:1      | Reached XP level 1. HP: 19/19 MP: 1/1
   208 | D:1      | Reached skill level 1 in Unarmed Combat
   226 | D:1      | Reached XP level 2. HP: 27/27 MP: 2/2
   364 | D:1      | Reached XP level 3. HP: 33/33 MP: 3/3
   708 | D:2      | Reached skill level 2 in Unarmed Combat
  1024 | D:2      | Reached XP level 4. HP: 34/42 MP: 4/4
  1146 | D:2      | Found a broken altar of Ashenzari.
  1916 | D:3      | Found a sparkling altar of Nemelex Xobeh.
  1920 | D:3      | Became a worshipper of Nemelex Xobeh the Trickster
  2049 | D:3      | Reached skill level 1 in Invocations
  2083 | D:3      | Found a hide-covered altar of Uskayaw.
  2100 | D:3      | Reached skill level 3 in Unarmed Combat
  2114 | D:3      | Reached XP level 5. HP: 29/49 MP: 5/5
  2230 | D:3      | Found an opulent altar of Gozag.
  2616 | D:4      | Found a broken altar of Ashenzari.
  2755 | D:4      | Reached XP level 6. HP: 59/59 MP: 6/6
  2850 | D:4      | Reached * piety under Nemelex Xobeh
  3183 | D:5      | Entered Level 5 of the Dungeon
  3244 | D:5      | Noticed a wyvern
  3255 | D:5      | Killed a wyvern
  3256 | D:5      | Reached skill level 4 in Unarmed Combat
  3256 | D:5      | Reached XP level 7. HP: 48/67 MP: 8/8
  3372 | D:5      | Found a transporter.
  3390 | D:5      | Noticed Sigmund
  3402 | D:5      | Killed Sigmund
  3450 | D:5      | Found a transporter.
  3458 | D:5      | Found a glowing silver altar of Zin.
  3561 | D:5      | Received a gift from Nemelex Xobeh
  3640 | D:5      | Found a one-way gate to the infinite horrors of the Abyss.
  3640 | D:5      | Noticed tarna41's ghost (amateur MiBe)
  3770 | D:5      | Reached skill level 5 in Invocations
  3775 | D:5      | Reached XP level 8. HP: 61/78 MP: 10/10
  3922 | D:5      | Reached skill level 5 in Unarmed Combat
  3977 | D:6      | Reached ** piety under Nemelex Xobeh
  4125 | D:6      | Found a glowing drain.
  4129 | Sewer    | Entered a sewer
  4712 | D:6      | Received a gift from Nemelex Xobeh
  5006 | D:6      | Noticed Eustachio
  5026 | D:6      | Killed Eustachio
  5027 | D:6      | Reached skill level 6 in Unarmed Combat
  5344 | D:7      | Reached XP level 9. HP: 87/87 MP: 13/13
  5375 | D:7      | Reached skill level 5 in Fighting
  5652 | D:7      | Reached skill level 7 in Unarmed Combat
  5738 | D:7      | Identified the ring of Namo {Fly Dex+5}
  5747 | D:7      | Found a shimmering blue altar of Sif Muna.
  5824 | D:7      | Reached skill level 8 in Unarmed Combat
  5824 | D:7      | Reached XP level 10. HP: 64/98 MP: 15/15
  6052 | D:7      | Found a staircase to the Ecumenical Temple.
  6218 | D:8      | Noticed Maurice
  6280 | D:8      | Killed Maurice
  6281 | D:8      | Reached skill level 5 in Shields
  6393 | D:8      | Noticed Grum
  6409 | D:8      | Killed Grum
  6412 | D:8      | Reached skill level 9 in Unarmed Combat
  6421 | D:8      | a yak changed into a black mamba
  6421 | D:8      | Noticed a black mamba
  6421 | D:8      | a yak changed into a cane toad
  6421 | D:8      | Noticed a cane toad
  6427 | D:8      | Killed a black mamba
  6428 | D:8      | Identified a scroll of acquirement
  6428 | D:8      | Acquired 270 gold pieces
  6430 | D:8      | Killed a cane toad
  6801 | D:8      | Received a gift from Nemelex Xobeh
  6862 | D:8      | Reached *** piety under Nemelex Xobeh
  7041 | D:8      | Noticed a skeletal warrior
  7111 | D:9      | Reached skill level 10 in Unarmed Combat
  7355 | D:9      | Reached XP level 11. HP: 98/109 MP: 16/16
  7369 | D:9      | Noticed Prince Ribbit
  7381 | D:9      | Killed Prince Ribbit
  7411 | D:9      | Found a snail-covered altar of Cheibriados.
  7425 | D:9      | Noticed a two-headed ogre
  7433 | D:9      | Killed a two-headed ogre
  7651 | D:9      | Found a shimmering altar of Xom.
  7821 | D:10     | Entered Level 10 of the Dungeon
  7827 | D:9      | Reached skill level 11 in Unarmed Combat
  7939 | D:10     | Found a staircase to the Lair.
  8419 | D:10     | Noticed a two-headed ogre
  8428 | D:10     | Killed a two-headed ogre
  8485 | D:10     | Received a gift from Nemelex Xobeh
  8553 | D:10     | Found an ornate altar of the Wu Jian Council.
  8555 | D:10     | Found a basalt altar of Yredelemnul.
  8765 | D:11     | Found a staircase to the Orcish Mines.
  8994 | D:11     | Reached **** piety under Nemelex Xobeh
  9192 | D:11     | Noticed a two-headed ogre
  9202 | D:11     | Killed a two-headed ogre
  9248 | D:11     | Reached skill level 1 in Armour
  9248 | D:11     | Reached XP level 12. HP: 121/123 MP: 17/17
  9360 | D:11     | Found Wylakun's Book Boutique.
  9397 | D:11     | Received a gift from Nemelex Xobeh
  9764 | D:12     | Noticed a boulder beetle
  9773 | D:12     | Killed a boulder beetle
  9864 | Lair:1   | Entered Level 1 of the Lair of Beasts
 10263 | Lair:1   | Found a blossoming altar of Fedhas.
 10570 | Lair:1   | Noticed a death yak
 10580 | Lair:1   | Noticed a death yak
 10581 | Lair:1   | Noticed a death yak
 10582 | Lair:1   | Noticed a death yak
 10582 | Lair:1   | Noticed a death yak
 10583 | Lair:1   | Noticed a death yak
 10600 | Lair:1   | Killed a death yak
 10604 | Lair:1   | Killed a death yak
 10610 | Lair:1   | Killed a death yak
 10611 | Lair:1   | Reached skill level 10 in Fighting
 10615 | Lair:1   | Killed a death yak
 10616 | Lair:1   | Reached skill level 10 in Shields
 10619 | Lair:1   | Killed a death yak
 10620 | Lair:1   | Reached skill level 5 in Armour
 10629 | Lair:1   | Killed a death yak
 11109 | Lair:2   | Received a gift from Nemelex Xobeh
 11520 | Lair:2   | Reached XP level 13. HP: 122/133 MP: 18/18
 11580 | Lair:2   | Reached ***** piety under Nemelex Xobeh
 11711 | Lair:2   | Received a gift from Nemelex Xobeh
 12041 | Lair:2   | Noticed Gastronok
 12066 | Lair:2   | Killed Gastronok
 12213 | Lair:3   | Found a dark tunnel.
 12223 | Volcano  | Entered a volcano
 12228 | Volcano  | Received a gift from Nemelex Xobeh
 12354 | Volcano  | Noticed a red draconian
 12381 | Volcano  | Killed a red draconian
 12592 | Volcano  | Noticed an orb of fire
 12629 | Volcano  | Noticed an orb of fire
 12767 | Lair:3   | Found a hole to the Spider Nest.
 12924 | Lair:3   | Noticed Amaemon
 12933 | Lair:3   | Killed Amaemon
 12964 | Lair:3   | Found a staircase to the Swamp.
 13287 | Lair:3   | Received a gift from Nemelex Xobeh
 13898 | Lair:4   | Noticed Nessos
 13907 | Lair:4   | Killed Nessos
 13908 | Lair:4   | Reached skill level 12 in Unarmed Combat
 14056 | Lair:4   | Noticed Snorg
 14075 | Lair:4   | Killed Snorg
 14248 | Lair:4   | Received a gift from Nemelex Xobeh
 14684 | Lair:4   | Reached ****** piety under Nemelex Xobeh
 15203 | Lair:5   | Entered Level 5 of the Lair of Beasts
 15240 | Lair:4   | Reached XP level 14. HP: 120/146 MP: 20/20
 15364 | Lair:5   | Found a staircase to the Slime Pits.
 15367 | Lair:5   | Received a gift from Nemelex Xobeh
 15731 | Lair:5   | Reached skill level 10 in Invocations
 16185 | Lair:5   | Received a gift from Nemelex Xobeh
 16521 | Lair:5   | Identified the +5 falchion "Utidastiur" {speed, Contam Fly
                  | Will+++ Int+5}
 16550 | Lair:5   | Reached skill level 13 in Unarmed Combat
 16734 | Lair:5   | Identified the +1 flail of Lied {vamp, rF+ Str+2 SInv}
 17254 | Orc:1    | Entered Level 1 of the Orcish Mines
 17523 | Orc:2    | Entered Level 2 of the Orcish Mines
 18074 | Orc:2    | Received a gift from Nemelex Xobeh
 18325 | Orc:2    | Noticed Saint Roka
 18412 | Orc:1    | Killed Saint Roka
 19230 | Orc:2    | Found a staircase to the Elven Halls.
 19522 | Orc:2    | Received a gift from Nemelex Xobeh
 19579 | Orc:2    | Found Orotuen's Assorted Antiques.
 19579 | Orc:2    | Found Plog's Assorted Antiques.
 19581 | Orc:2    | Found Ejucris's Magic Scroll Shop.
 19583 | Orc:2    | Found Quxa's General Store.
 19587 | Orc:2    | Bought an emerald potion for 27 gold pieces
 19587 | Orc:2    | Bought a potion of heal wounds for 150 gold pieces
 19587 | Orc:2    | Bought an emerald potion for 27 gold pieces
 19587 | Orc:2    | Bought an emerald potion for 27 gold pieces
 19587 | Orc:2    | Bought a scroll of teleportation for 90 gold pieces
 19588 | Orc:2    | Bought a potion of haste for 240 gold pieces
 19588 | Orc:2    | Bought a scroll of magic mapping for 180 gold pieces
 19588 | Orc:2    | Bought a fizzy blue potion for 21 gold pieces
 19590 | Orc:2    | Bought a scroll of enchant armour for 127 gold pieces
 19590 | Orc:2    | Bought a scroll of teleportation for 51 gold pieces
 19590 | Orc:2    | Bought a scroll of immolation for 68 gold pieces
 19592 | Orc:2    | Bought an embroidered cloak for 180 gold pieces
 19607 | Orc:2    | Bought a potion of curing for 39 gold pieces
 19607 | Orc:2    | Bought a potion of lignification for 39 gold pieces
 19607 | Orc:2    | Bought a scroll of identify for 26 gold pieces
 19702 | D:12     | Reached XP level 15. HP: 151/152 MP: 22/22
 19778 | D:12     | Reached skill level 1 in Dodging
 20157 | D:12     | Paralysed by something for 2 turns
 20610 | D:12     | Received a gift from Nemelex Xobeh
 20612 | D:12     | Identified the +10 trident of World Downfall {flame, Will+}
 20648 | D:12     | Found the +3 pair of seven-league boots {Rampage+∞}
 20872 | D:12     | Reached skill level 14 in Unarmed Combat
 21619 | D:13     | Received a gift from Nemelex Xobeh
 22274 | D:13     | Noticed Lodul
 22274 | D:13     | You are sucked into a shaft and drop 2 floors!
 22274 | D:15     | Entered Level 15 of the Dungeon
 22291 | D:15     | Found a shadowy altar of Dithmenos.
 22316 | D:15     | Received a gift from Nemelex Xobeh
 22670 | D:15     | Found a staircase to the Depths.
 22838 | D:15     | Received a gift from Nemelex Xobeh
 23204 | D:15     | Received a gift from Nemelex Xobeh
 23232 | D:15     | Reached XP level 16. HP: 87/167 MP: 24/24
 24154 | D:14     | Noticed Azrael
 24156 | D:14     | Azrael changed into Azrael the rakshasa
 24156 | D:14     | Noticed Azrael
 24179 | D:14     | Reached skill level 5 in Dodging
 24181 | D:14     | Killed Azrael the rakshasa
 24228 | D:14     | Identified the +2 trident of Descent {heavy, Fragile rC+
                  | Will+}
 24385 | D:14     | Received a gift from Nemelex Xobeh
 24643 | D:14     | Found a stormy altar of Qazlal.
 25117 | D:13     | Reached skill level 15 in Unarmed Combat
 25380 | D:13     | Identified the +4 pair of boots "Giunoh" {rElec Regen+}
 25482 | D:13     | Found a gate to the Vaults.
 25521 | D:13     | Received a gift from Nemelex Xobeh
 25569 | D:13     | Killed Lodul
 25888 | Swamp:1  | Entered Level 1 of the Swamp
 26186 | Swamp:1  | Found a transporter.
 26218 | Swamp:1  | Noticed lesbiats's ghost (journeyman TrFi)
 26220 | Swamp:1  | Noticed a tentacled monstrosity
 26221 | Swamp:1  | Noticed a thorn hunter
 26221 | Swamp:1  | Noticed a tentacled monstrosity
 26274 | Swamp:1  | Found a transporter.
 26761 | Swamp:2  | Received a gift from Nemelex Xobeh
 27263 | Swamp:2  | Identified the +1 kite shield of Least Resistance {rPois
                  | rC- Int-3 Stlth+}
 27263 | Swamp:2  | Noticed Donald
 27270 | Swamp:2  | Killed Donald
 27297 | Swamp:2  | Received a gift from Nemelex Xobeh
 28206 | Swamp:3  | Identified the +1 spear of Iloic {freeze, rF+ rC++ rCorr
                  | Str-4}
 28339 | Swamp:3  | Noticed a thorn hunter
 28348 | Swamp:3  | Killed a thorn hunter
 28472 | Swamp:3  | Reached XP level 17. HP: 101/179 MP: 25/25
 28908 | Swamp:3  | Received a gift from Nemelex Xobeh
 29132 | Swamp:4  | Entered Level 4 of the Swamp
 29772 | Swamp:4  | Reached skill level 16 in Unarmed Combat
 29906 | Swamp:4  | Found a runed translucent gate.
 29906 | Swamp:4  | Found a runed translucent gate.
 29906 | Swamp:4  | Found a runed translucent gate.
 30092 | Swamp:4  | Received a gift from Nemelex Xobeh
 30160 | Swamp:4  | Got a decaying rune of Zot
 30306 | Swamp:4  | Noticed Rudyous's ghost (adept MiFi)
 30336 | Swamp:4  | Killed Rudyous's ghost
 30523 | Spider:1 | Entered Level 1 of the Spider Nest
 31211 | Spider:1 | Received a gift from Nemelex Xobeh
 32499 | Spider:2 | Received a gift from Nemelex Xobeh
 33112 | Spider:2 | Reached skill level 10 in Armour
 33941 | Spider:3 | Reached XP level 18. HP: 166/191 MP: 27/27
 35115 | Spider:4 | Entered Level 4 of the Spider Nest
 35179 | Spider:4 | Received a gift from Nemelex Xobeh
 35607 | Spider:4 | Received a gift from Nemelex Xobeh
 35772 | Spider:4 | Reached skill level 15 in Fighting
 36286 | Spider:4 | Reached skill level 15 in Invocations
 37010 | Spider:4 | Received a gift from Nemelex Xobeh
 37150 | Spider:4 | Reached skill level 17 in Unarmed Combat
 37207 | Spider:4 | Got a gossamer rune of Zot
 37475 | Elf:1    | Entered Level 1 of the Elven Halls
 38886 | Elf:2    | Received a gift from Nemelex Xobeh
 39032 | Elf:2    | Identified the +2 scale mail of the Lizard {rF+ Dex+4}
 39037 | Elf:2    | Found a shimmering blue altar of Sif Muna.
 39044 | Elf:2    | Reached skill level 18 in Unarmed Combat
 39044 | Elf:2    | Reached XP level 19. HP: 201/201 MP: 29/29
 39100 | Elf:2    | Got the Essays on the Familiar
 39140 | Elf:2    | Identified the amulet "Duluinka" {RegenMP rElec rF+ Int+5
                  | Slay-4}
 39725 | Elf:2    | Found a runed translucent gate.
 39726 | Elf:2    | Found a runed translucent gate.
 39726 | Elf:2    | Found a runed translucent gate.
 39923 | Vaults:1 | Entered Level 1 of the Vaults
 39928 | Vaults:1 | Received a gift from Nemelex Xobeh
 39954 | Vaults:1 | Found a magical portal.
 39963 | WizLab   | Entered Eringya's Formal Garden
 40068 | WizLab   | Reached skill level 10 in Dodging
 40446 | WizLab   | Reached skill level 19 in Unarmed Combat
 40626 | WizLab   | Received a gift from Nemelex Xobeh
 40863 | WizLab   | Found a blossoming altar of Fedhas.
 41825 | Vaults:1 | Received a gift from Nemelex Xobeh
 42546 | Vaults:2 | Received a gift from Nemelex Xobeh
 42922 | Vaults:2 | Reached XP level 20. HP: 48/210 MP: 30/30
 43409 | Vaults:2 | HP: 8/211 [vault warden/+2 heavy great mace (37)]
 43410 | Vaults:2 | Mangled by an ironbound thunderhulk

Illustrated notes

Levels and vault maps discovered:
D:1:      matt_arrival_refuge, layout_loops_ring
D:2:      layout_basic, basic_altar
D:3:      layout_basic, nemelex_diamond_rough_becter, grunt_gozag_breadcrumbs,
          nicolae_uskayaw_dance_hall, minivault_25,
          amcnicky_mini_rare_corridor_liquid
D:4:      layout_loops_corners, ashenzari_conservatory_becter, kennysheep_nub
D:5:      layout_basic, mainiacjoe_overflow_24_doors,
          gammafunk_ghost_abyssal_escape, uniq_sigmund
D:6:      layout_basic, gup_sewer_entry_spiral, uniq_eustachio
D:7:      layout_rooms, mainiacjoe_overflow_boulevard,
          minmay_temple_entry_overgrown, due_unseen_surprise
D:8:      minmay_klotski, layout_basic, minmay_guarded_unrand_finisher,
          uniq_maurice, uniq_grum
D:9:      layout_gridville, led_xom_imps, mainiacjoe_overflow_brackets,
          special_room [special_room_kobold], uniq_prince_ribbit1
D:10:     minmay_recursive_quarters, layout_rooms, grunt_temple_overflow_open,
          due_lair_maze_entry_diamond
D:11:     layout_irregular_city, zombieorc2_lemuel, serial_shops,
          nicolae_take_the_stairs
D:12:     minmay_the_grid_square_5x5_5x5 [minmay_the_grid_square_5x5_eight,
          minmay_the_grid_square_5x5_two_walls_b,
          minmay_the_grid_square_5x5_eight_small,
          minmay_the_grid_square_5x5_moneybag,
          minmay_the_grid_square_5x5_beaten_path, minmay_the_grid_square_5x5_n,
          minmay_the_grid_square_5x5_prize_open,
          minmay_the_grid_square_5x5_detours,
          minmay_the_grid_square_5x5_prize_junk,
          minmay_the_grid_square_5x5_bite, minmay_the_grid_square_5x5_checkered,
          minmay_the_grid_square_5x5_minimal,
          minmay_the_grid_square_5x5_prize_itemx,
          minmay_the_grid_square_5x5_inner_z,
          minmay_the_grid_square_5x5_hourglass,
          minmay_the_grid_square_5x5_one_wall,
          minmay_the_grid_square_5x5_prize_gold,
          minmay_the_grid_square_5x5_forky,
          minmay_the_grid_square_5x5_prize_snowflake,
          minmay_the_grid_square_5x5_three_walls,
          minmay_the_grid_square_5x5_shuriken,
          minmay_the_grid_square_5x5_intrusive_squares,
          minmay_the_grid_square_5x5_plus, minmay_the_grid_square_5x5_lines,
          minmay_the_grid_square_5x5_three], layout_basic,
          minmay_tree_intersection, minmay_crystal_room, minmay_bent
D:13:     layout_loops_ring, hangedman_vaults_entry_quadrant_bands,
          serial_glass, glass_columns_b, glass_columns_a, uniq_lodul
D:14:     layout_gridville, nrook_campfire, grunt_qazlal_clouds, uniq_azrael
D:15:     hangedman_depths_entry_civil_slaughter, layout_basic,
          grunt_dithmenos_shadows, special_room [special_room_bee]
Lair:1:   layout_misc_corridors, basic_altar
Lair:2:   layout_gridlike, minivault_19, minivault_26, uniq_gastronok
Lair:3:   layout_regular_city, swamp_mist_pool, spider_nest_entry_rubble,
          lightli_volcano_entry_magma_tube, eino_house_with_fridge, uniq_amaemon
Lair:4:   beargit_carnivore_pack, layout_cave_pods, uniq_nessos
Lair:5:   evilmike_catoblepas_cave, layout_cave_pods, slime_entry_1
Swamp:1:  layout_basic_swamp, gammafunk_ghost_arena,
          nicolae_swamp_feature_on_the_river_bank, infiniplex_staircase_pool
Swamp:2:  layout_basic_swamp, evilmike_swamp_ruin_rubble_2, swamp_pool5,
          nicolae_swamp_oxbows, uniq_donald
Swamp:3:  layout_basic_swamp, evilmike_swamp_ruin_house_2
Swamp:4:  swamp_alternative, layout_basic_swamp, ebering_ghost_rock_garden,
          swamp_pool3, nicolae_swamp_fairy_circle
Spider:1: layout_spider_delve, nicolae_spider_bug_shape
Spider:2: layout_chambers
Spider:3: nicolae_spider_obnoxious_hallway, drop_trap
Spider:4: spider_rune_water, guppyfry_spider_mini_1
Orc:1:    layout_caves, trog_butcher_becter
Orc:2:    st_orc_rangers, layout_caves, uniq_saint_roka
Elf:1:    minmay_elf_arrival_summoners, layout_rooms, hangedman_elf_disciples,
          nicolae_concentric_dashed_squares_wild, solitary_fountain,
          nicolae_elf_deep_friendship
Elf:2:    nicolae_elf_blades_crystal_corner, layout_loops_corners,
          hangedman_summoners_spam
Vaults:1: mu_enter_wizlab_6, vaults_room_octagon, vaults_mumra_hexcomb,
          ontoclasm_vaults_gateway, nicolae_vaults_hallways_thing,
          grunt_vaults_hallway_long, vaults_standard_mumra_x, v_misc_19,
          vaults_dpeg_encased_lava, nicolae_vaults_network_star,
          layout_vaults_omnicross
Vaults:2: dpeg_vaults_monster_box, v_misc_33, v_misc_23,
          vaults_mumra_minichess_inversion, layout_vaults_omnigrid

Skill      XL: |  1  2  3  4  5  6  7  8  9 10 11 12 13 14 15 16 17 18 19 |
---------------+----------------------------------------------------------+-----
Unarmed Combat | 1 2 3 4 6 8 10 11 12 13 14 15 16 18 19 | 19.3
Shields        | 4 6 8 10 | 10.0
Fighting       | 2 3 4 6 7 9 10 11 12 13 14 15 | 15.4
Invocations    | 1 2 3 5 7 8 9 11 12 13 14 15 | 15.0
Armour         | 1 6 7 9 10 11 | 11.6
Dodging        | 4 7 8 9 12 | 12.0
Throwing       | |  1.7
Spellcasting   | |  1.0
Poison Magic   | |  1.3

Action                     |  1- 3 |  4- 6 |  7- 9 | 10-12 | 13-15 | 16-18 | 19-21 || total
---------------------------+-------+-------+-------+-------+-------+-------+-------++-------
  Melee: Unarmed           |   115 |   120 |   394 |   712 |  1416 |  2094 |   595 ||  5446
  Throw: Dart              |     2 |     1 |     2 |    34 |    57 |   142 |     2 ||   240
         Boomerang         |       |       |       |    31 |       |       |       ||    31
         Throwing net      |       |       |       |     1 |       |       |       ||     1
 Invoke: Draw Destruction  |       |       |     6 |    16 |    40 |    69 |    12 ||   143
         Draw Escape       |       |       |     2 |     3 |     6 |     1 |     1 ||    13
         Draw Summoning    |       |       |     1 |     4 |    10 |     5 |     4 ||    24
         Deal Four         |       |       |       |       |       |     1 |       ||     1
  Evoke: Wand              |       |       |       |     3 |     1 |       |       ||     4
         Condenser vane    |       |       |       |       |       |       |     1 ||     1
         Phial of floods   |       |       |       |       |       |       |     1 ||     1
    Use: Scroll            |     2 |       |     9 |     3 |    19 |    25 |     7 ||    65
         Potion            |       |       |     2 |     2 |     5 |    19 |     6 ||    34
   Stab: Sleeping          |     1 |     3 |     1 |     1 |     1 |       |       ||     7
         Distracted        |       |       |       |     1 |     2 |     3 |     1 ||     7
         Held in net/web   |       |       |       |     1 |       |     1 |       ||     2
         Invisible         |       |       |       |       |     1 |    11 |     2 ||    14
 Armour: Robe              |    36 |    18 |    70 |    23 |       |       |       ||   147
         Steam dragon scal |       |       |       |    87 |       |       |       ||    87
         Acid dragon scale |       |       |       |    77 |   596 |   215 |       ||   888
         Swamp dragon scal |       |       |       |       |       |   597 |   159 ||   756
  Dodge: Dodged            |    36 |    49 |   125 |   197 |   607 |  1141 |   397 ||  2552
  Block: Kite shield       |    47 |    42 |   178 |   386 |  1121 |  1671 |   428 ||  3873
         Reflection        |       |       |       |       |     1 |    38 |    54 ||    93

Table legend: (Time is in decaauts)
 A = Elapsed time spent in this place.
 B = Non-inter-level travel time spent in this place.
 C = Inter-level travel time spent in this place.
 D = Time resting spent in this place.
 E = Time spent auto-exploring this place.
 F = Levels seen in this place.
 G = Mean time per level.
                   A        B        C        D        E       F      G
               +--------+--------+--------+--------+--------+-----+--------+
         Total |  44298 |  42034 |   2264 |   3963 |  27480 |  37 | 1197.2 |
       Dungeon |  16382 |  15367 |   1015 |    481 |  10846 |  15 | 1092.1 |
          Lair |   7551 |   7031 |    520 |    641 |   4955 |   5 | 1510.2 |
         Swamp |   4647 |   4488 |    159 |    646 |   2753 |   4 | 1161.8 |
   Spider Nest |   6536 |   6294 |    242 |    584 |   4157 |   4 | 1634.0 |
  Orcish Mines |   2496 |   2319 |    177 |    938 |    808 |   2 | 1248.0 |
   Elven Halls |   2351 |   2275 |     76 |    292 |   1299 |   2 | 1175.5 |
        Vaults |   2478 |   2407 |     71 |    232 |   1611 |   2 | 1239.0 |
         Sewer |    297 |    297 |      0 |      0 |    152 |   1 |  297.0 |
       Volcano |    500 |    500 |      0 |      0 |    299 |   1 |  500.0 |
        Wizlab |   1056 |   1056 |      0 |    149 |    597 |   1 | 1056.0 |
               +--------+--------+--------+--------+--------+-----+--------+

Top non-repeatable levels by time:
    D:12: 2364 daAuts
Spider:4: 2230 daAuts
Spider:2: 2212 daAuts
  Lair:3: 2010 daAuts
  Lair:5: 1979 daAuts
    D:15: 1974 daAuts
   Orc:1: 1688 daAuts
Vaults:1: 1568 daAuts
   Elf:2: 1564 daAuts
 Swamp:3: 1443 daAuts
  Lair:4: 1406 daAuts
    D:13: 1209 daAuts
    D:11: 1206 daAuts
 Swamp:2: 1163 daAuts
  Lair:1: 1137 daAuts
